 Dungeon Crawl Stone Soup version 0.24-a0-451-g263dff2034 (webtiles) character file.

Game seed: 416535534010155032

126530 JellyEater the Geomancer (level 16, -2/106 HPs)
             Began as a Gargoyle Earth Elementalist on June 26, 2019.
             Was a High Priest of Vehumet.
             Killed from afar by a deep elf mage (27 damage)
             ... with a bolt of fire
             ... on level 3 of the Elven Halls.
             The game lasted 01:28:31 (31181 turns).

JellyEater the Geomancer (GrEE)                    Turns: 31181, Time: 01:28:31

Health: -2/106     AC: 19    Str: 13    XL:     16   Next: 98%
Magic:  7/31       EV: 15    Int: 31    God:    Vehumet [*****.]
Gold:   791        SH:  0    Dex: 10    Spells: 6/37 levels left

rFire    . . .     SeeInvis .   a - +9 great mace of Sunlight {drain, rElec Str-2 Int+5 Stlth+}
rCold    + . .     Gourm    .   (shield currently unavailable)
rNeg     + . .     Faith    .   I - +0 robe of Galuimivye {rF+} rPois āˆž Spirit .
                                m - +0 helmet
rElec    +         Reflect  .   Y - scarf {cloud immunity}
rCorr    .         Harm     .   g - +0 pair of gloves
MR       +....                  C - +1 pair of boots {run}
Stlth    +.........             (no amulet)
HPRegen  0.67/turn              T - +4 ring of intelligence
MPRegen  0.22/turn              G - ring of ice

@: liquid flames, flying, glowing, quick
A: big wings, deterioration 1, negative energy resistance 1, regeneration 1,
robust 1, electricity resistance, strong 1, unbreathing, petrification
resistance, rot immunity, AC +12
a: Stop Flying, Renounce Religion


You were on level 3 of the Elven Halls.
You worshipped Vehumet.
Vehumet was extremely pleased with you.
You were not hungry.

You visited 5 branches of the dungeon, and saw 26 of its levels.
You also visited: Ice Cave.

You collected 2420 gold pieces.
You spent 1629 gold pieces at shops.

Inventory:

Hand Weapons
 a - the +9 great mace of Sunlight (weapon) {drain, rElec Str-2 Int+5 Stlth+}
   (You found it on level 1 of the Elven Halls)

   A truly terrible weapon, it drains the life of those it strikes.
   It affects your strength (-2).
   It affects your intelligence (+5).
   It insulates you from electricity.
   It makes you more stealthy.
 E - a +3 vampiric demon whip
Missiles
 b - 211 stones (quivered)
 l - 10 silver javelins
Armour
 g - a +0 pair of gloves (worn)
 m - a +0 helmet (worn)
 x - a +1 cloak
 C - a +1 pair of boots of running (worn)
 D - a +0 robe of cold resistance
 I - the +0 robe of Galuimivye (worn) {rF+}
   (You found it on level 12 of the Dungeon)

   It protects you from fire.
 Y - a scarf of cloud immunity (worn)
Jewellery
 e - an uncursed ring of protection from fire
 o - an uncursed ring of positive energy
 G - a ring of ice (right hand)
 K - a +4 ring of intelligence
 M - the ring "Merakygh" {rElec Str+5}
   (You found it on level 12 of the Dungeon)

   [ring of strength]

   It affects your strength (+5).
   It insulates you from electricity.
 N - an uncursed ring of see invisible
 T - a +4 ring of intelligence (left hand)
 X - an uncursed ring of resist corrosion
Wands
 k - a wand of polymorph (18)
 u - a wand of scattershot (9)
 y - a wand of enslavement (18)
 z - a wand of iceblast (7)
 H - a wand of acid (8)
 Q - a wand of flame (12)
 U - a wand of digging (5)
 V - a wand of paralysis (18)
Scrolls
 c - a scroll of immolation
 h - a scroll of holy word
 i - 4 scrolls of amnesia
 p - 6 scrolls of remove curse
 t - 11 scrolls of identify
 F - 7 scrolls of teleportation
 S - a scroll of fog
 W - 6 scrolls of blinking
 Z - 2 scrolls of fear
Potions
 f - 2 potions of invisibility
 j - 6 potions of brilliance
 n - 5 potions of curing
 q - 5 potions of agility
 r - a potion of magic
 s - 10 potions of heal wounds
 v - 6 potions of mutation
 A - a potion of ambrosia
 B - 2 potions of might
 L - 3 potions of berserk rage
 P - a potion of haste
 R - a potion of resistance
Miscellaneous
 J - a box of beasts
Comestibles
 d - 45 rations


   Skills:
 + Level 10.3 Fighting
 + Level 9.6 Maces & Flails
 - Level 6.0 Armour
 + Level 8.3 Dodging
 - Level 2.1 Stealth
 + Level 11.1 Spellcasting
 + Level 12.6 Conjurations
 - Level 0.7 Transmutations
 * Level 12.8 Fire Magic
 + Level 14.2 Earth Magic
 - Level 6.0 Evocations


You had 6 spell levels left.
You knew the following spells:

 Your Spells              Type           Power        Failure   Level  Hunger
a - Sandblast             Erth           ######       0%          1    None
b - Stone Arrow           Conj/Erth      ######       1%          3    None
c - Lee's Rapid Deconstr  Erth           #######...   1%          5    ##.....
d - Irradiate             Conj/Tmut      ######....   1%          5    ##.....
e - Iron Shot             Conj/Erth      #######...   1%          6    #####..
f - Bolt of Fire          Conj/Fire      #######...   1%          6    #####..
g - Bolt of Magma         Conj/Fire/Erth #######...   1%          5    ##.....

Your spell library contained the following spells:

 Spells                   Type           Power        Failure   Level  Hunger
 Ozocubu's Refrigeration  Ice            ####......   71%         6    #####..
 Sting                    Conj/Pois      ####         1%          1    None
 Passwall                 Tmut/Erth      ######..     1%          2    None
 Mephitic Cloud           Conj/Pois/Air  #####...     1%          3    None
 Force Lance              Conj/Tloc      ######..     1%          4    None
 Leda's Liquefaction      Hex/Erth       ######....   1%          4    None
 Petrify                  Tmut/Erth      ######..     1%          4    None
 Iskenderun's Battlesphe  Conj/Chrm      ######..     1%          5    ##.....
 Venom Bolt               Conj/Pois      ######....   1%          5    ##.....
 Beastly Appendage        Tmut           ###...       2%          1    None
 Summon Butterflies       Summ           ###.....     3%          1    None
 Sticks to Snakes         Tmut           ###.....     3%          2    None
 Poisonous Vapours        Pois/Air       ###...       4%          2    None
 Spider Form              Tmut/Pois      ###.......   8%          3    None
 Olgreb's Toxic Radiance  Pois           ###.....     8%          4    None
 Call Canine Familiar     Summ           ###.....     9%          3    None
 Gell's Gravitas          Tloc           ###.......   9%          3    None
 Lesser Beckoning         Tloc           ###.......   9%          3    None
 Portal Projectile        Hex/Tloc       ###...       9%          3    None
 Ice Form                 Ice/Tmut       ####....     26%         4    None
 Passage of Golubria      Tloc           N/A          28%         4    None
 Summon Ice Beast         Ice/Summ       ####....     28%         4    None
 Blade Hands              Tmut           ###.......   52%         5    ##.....
 Summon Mana Viper        Hex/Summ       ###.....     63%         5    ##.....
 Dispersal                Tloc           ###.......   99%         6    #####..
 Orb of Destruction       Conj           #######...   4%          7    ######.
 Spellforged Servitor     Conj/Summ      ######....   41%         7    ######.
 Shatter                  Erth           #######...   88%         9    #######
 Malign Gateway           Summ/Tloc      ###.......   100%        7    ######.
 Summon Hydra             Summ           ###.......   100%        7    ######.
 Controlled Blink         Tloc           N/A          100%        8    #######
 Disjunction              Tloc           ###.......   100%        8    #######
 Statue Form              Tmut/Erth      Unusable     N/A         6    N/A

Dungeon Overview and Level Annotations

Branches:
Dungeon (14/15) Temple (1/1) D:7 Lair (6/6) D:9 Shoals (0/4) Lair:3 Snake (0/4) Lair:2 Slime (0/5) Lair:6 Orc (2/2) D:10 Elf (3/3) Orc:2 Vaults (0/5) D:13 D:14

Altars:
Ashenzari
Cheibriados
Elyvilon
Kikubaaqudgha
Makhleb
Okawaru
Qazlal
Ru
Sif Muna
Trog
Vehumet
Xom
Yredelemnul
Zin
The Shining One
Beogh
Jiyva

Shops:
D:9 (*?}   Orc:2 *?}*   Elf:2 ?([

Annotations:
Elf:2 3 runed translucent doors
Elf:3 2 exclusions


Innate Abilities, Weirdness & Mutations

You are resistant to torment.
Your stone body is resilient. (AC +12)
You are immune to poison.
Your large and strong wings let you fly indefinitely.
You resist negative energy. (rN+)
You are resistant to electric shocks. (rElec)
You can survive without breathing.
You are immune to petrification.
You are immune to rotting.
Your body sometimes deteriorates upon taking damage.
Your natural rate of healing is unusually fast.
You are robust. (+10% HP)
Your muscles are strong. (Str +2)


Message History

You are covered in liquid flames!
The deep elf mage mumbles some strange words.
The deep elf mage points at you and mumbles some strange words.
The lance of force hits you but does no damage.
The battlesphere fires!
The barrage of energy hits you.
Unknown command.
You are covered in liquid flames!
The deep elf mage gestures at you while chanting.
The bolt of lightning hits you! You resist.
A deep elf mage comes into view. It is wielding a +0 dagger.
You are covered in liquid flames!
The battlesphere is engulfed in blazing flames.
The fire elemental hits you. The fire elemental burns you!
* * * LOW HITPOINT WARNING * * *
You are covered in liquid flames!
* * * LOW HITPOINT WARNING * * *
The battlesphere is engulfed in blazing flames.
The deep elf mage casts a spell at you. The bolt of fire hits you!!
You die...

*** ##############
,,**######..eā—‹E.@.....#
,,,,.....E..ā—‹*........########
##
*,*,.#..e.E.#.e#.###e........###.
*,,,....e........# *,..##.#..##..
*,,*..#..E.#..#..# *,...,###.....
**,,............## *,e....#...)..
*,,#^.#..#..#..# **,e..e...)#...
***,.....).....##**,,....###.##..
****........$.##**,,,.%......##s#


You could see 3 earth elementals, 3 deep elf magi, a fire elemental and a
battlesphere.

Vanquished Creatures
  An Ice Fiend (IceCv)
  Rupert (Orc:2)
  A tengu reaver (D:14)
  A storm dragon (shapeshifter) (D:13)
  A deep elf sorcerer (Elf:2)
  Nessos (Lair:5)
  An ettin (D:14)
  Josephine (Orc:1)
  A deep elf high priest (Elf:1)
  5 hydras
  7 two-headed ogres
  A merfolk avatar (Lair:6)
  3 centaur warriors
  Erica (D:11)
  11 dancing weapons
  3 death yaks
  An ogre mage (Orc:2)
  3 orc high priests (Orc:2)
  Urug (D:14)
  6 deep elf knights
  A fire crab (shapeshifter) (D:14)
  5 large abominations (Elf:2)
  3 sea snakes (Lair:6)
  8 deep elf archers
  An unseen horror (D:12)
  A wizard (Elf:2)
  A harpy (Lair:6)
  6 orc knights
  Pikel (D:8)
  2 manticores
  5 orc sorcerers
  7 cyclopes
  9 ugly things
  4 elephants
  33 deep elf magi
  2 centaur zombies (D:12)
  A molten gargoyle (D:9)
  4 black mambas
  2 ice statues (IceCv)
  14 spiny frogs
  3 anaconda simulacra (IceCv)
  A kobold demonologist (D:12)
  3 rime drakes (Lair:6)
  10 komodo dragons
  A yaktaur (shapeshifter) (D:12)
  9 ice devils (IceCv)
  7 polar bears
  A merfolk (Lair:3)
  A queen bee (D:14)
  3 trolls
  2 hornets
  3 meliai (D:14)
  7 blink frogs
  7 hippogriffs
  A meliai zombie (D:14)
  7 dream sheep
  13 slime creatures
  A redback (D:14)
  3 shadows
  4 air elementals
  5 water elementals
  6 wraiths
  2 basilisks
  4 dire elephant simulacra (IceCv)
  2 fire elementals
  26 yaks
  3 wyverns (Lair:6)
  16 humans
  Menkaure (D:6)
  4 hungry ghosts
  2 vampire mosquitoes (D:13)
  A warg (Orc:2)
  2 harpy simulacra (IceCv)
  An acid dragon (D:14)
  A hydra simulacrum (IceCv)
  A soldier ant (D:8)
  12 water moccasins
  13 porcupines
  3 ice beasts
  3 black bears
  19 orc warriors
  A slave (D:8)
  4 sky beasts
  2 phantoms
  15 ogres
  An eye of draining (D:10)
  A necrophage (D:9)
  9 wolves
  22 centaurs
  7 small abominations (Elf:2)
  13 crocodiles
  15 bullfrogs
  5 big kobolds
  A wyvern skeleton (D:12)
  An earth elemental (Elf:1)
  7 scorpions
  A hornet simulacrum (D:14)
  11 wights
  35 killer bees
  A howler monkey (D:6)
  An electric eel (D:7)
  A bullfrog zombie (D:6)
  5 crimson imps
  2 quasits
  13 orc priests
  2 bullfrog skeletons
  10 hounds
  3 jellies
  4 centaur skeletons
  2 gnoll shamans
  24 orc wizards
  6 iguanas
  6 hell rats (Lair:4)
  11 worker ants
  A hound zombie (D:7)
  11 gnolls
  12 adders
  6 shadow imps
  2 oozes (D:1)
  3 worms
  2 dart slugs
  12 leopard geckos
  70 orcs
  10 bats
  6 giant cockroaches
  2 goblins
  2 hobgoblins
  10 jackals
  3 quokkas
  A ball python (D:4)
  5 frilled lizards
  A jackal skeleton (D:4)
  13 kobolds
  A leopard gecko skeleton (D:8)
  A leopard gecko zombie (D:7)
  A quokka zombie (D:6)
  9 rats
  A butterfly (Lair:6)
  A crawling corpse (Elf:1)
  A plant (D:14)
804 creatures vanquished.

Vanquished Creatures (collateral kills)
  A kobold demonologist (D:6)
1 creature vanquished.

Vanquished Creatures (others)
  2 sky beasts
  A centaur zombie (D:6)
  An adder skeleton (D:8)
  A crawling corpse (Elf:1)
  3 fungi
  9 plants
17 creatures vanquished.

Grand Total: 822 creatures vanquished

Notes
Turn   | Place    | Note
-------+----------+-------------------------------------------
     0 | D:1      | JellyEater the Gargoyle Earth Elementalist began the quest
                  | for the Orb.
     0 | D:1      | Reached XP level 1. HP: 10/10 MP: 3/3
   336 | D:1      | Reached skill level 4 in Earth Magic
   336 | D:1      | Reached XP level 2. HP: 15/15 MP: 3/5
   699 | D:1      | Reached XP level 3. HP: 19/19 MP: 7/7
   704 | D:1      | Learned a level 3 spell: Stone Arrow
  1566 | D:2      | Reached skill level 1 in Conjurations
  1631 | D:2      | Reached XP level 4. HP: 19/24 MP: 8/8
  1982 | D:2      | Found a stormy altar of Qazlal.
  2095 | D:2      | Reached skill level 5 in Earth Magic
  2714 | D:3      | Reached XP level 5. HP: 28/28 MP: 6/9
  2721 | D:3      | Learned a level 5 spell: Lee's Rapid Deconstruction
  3508 | D:4      | Gained mutation: Your flesh is cold resistant. (rC+)
                  | [potion of mutation]
  3508 | D:4      | Gained mutation: You have large cloven feet. [potion of
                  | mutation]
  3517 | D:4      | Lost mutation: Your flesh is cold resistant. (rC+) [potion
                  | of mutation]
  3517 | D:4      | Lost mutation: You have large cloven feet. [potion of
                  | mutation]
  3517 | D:4      | Gained mutation: Your natural rate of healing is unusually
                  | fast. [potion of mutation]
  3517 | D:4      | Gained mutation: Your muscles are strong. (Str +2) [potion
                  | of mutation]
  3517 | D:4      | Gained mutation: You are robust. (+10% HP) [potion of
                  | mutation]
  3559 | D:4      | Reached XP level 6. HP: 11/35 MP: 5/11
  3573 | D:4      | Reached skill level 6 in Earth Magic
  3935 | D:4      | Reached XP level 7. HP: 39/39 MP: 8/13
  4669 | D:5      | Entered Level 5 of the Dungeon
  4677 | D:5      | Got an ichor-stained leather armour
  4688 | D:5      | Identified the +0 leather armour of the Equator {-Tele rC++
                  | MP+9 Dex-4} (You found it on level 5 of the Dungeon)
  4884 | D:5      | Got an iridescent hand axe
  4885 | D:5      | Identified the +4 hand axe "Guihawki" {vamp, -Tele rPois
                  | rN+++ Int+5} (You found it on level 5 of the Dungeon)
  4962 | D:5      | Reached skill level 7 in Earth Magic
  5019 | D:5      | Reached skill level 5 in Spellcasting
  5142 | D:5      | Reached skill level 5 in Conjurations
  5142 | D:5      | Reached XP level 8. HP: 45/45 MP: 13/15
  5823 | D:6      | Noticed Menkaure
  5831 | D:6      | Killed Menkaure
  5831 | D:6      | Reached skill level 8 in Earth Magic
  6095 | D:6      | Noticed a kobold demonologist
  6102 | D:6      | Reached XP level 9. HP: 37/49 MP: 5/18
  6106 | D:6      | Killed a kobold demonologist
  6106 | D:6      | Reached skill level 9 in Earth Magic
  6620 | D:7      | Found a staircase to the Ecumenical Temple.
  6637 | Temple   | Entered the Ecumenical Temple
  6693 | Temple   | Became a worshipper of Vehumet
  6825 | D:7      | Found a shattered altar of Ashenzari.
  7106 | D:7      | Reached skill level 1 in Fighting
  7244 | D:7      | Reached skill level 1 in Armour
  7277 | D:7      | Reached skill level 1 in Maces & Flails
  7424 | D:7      | Found a burning altar of Makhleb.
  7528 | D:7      | Reached skill level 1 in Evocations
  7639 | D:7      | Found a shimmering altar of Xom.
  7748 | D:7      | Reached * piety under Vehumet
  7748 | D:7      | Offered knowledge of Freeze by Vehumet.
  7749 | D:7      | Reached XP level 10. HP: 58/58 MP: 9/20
  8120 | D:8      | Reached skill level 10 in Earth Magic
  8165 | D:8      | Learned a level 2 spell: Sticks to Snakes
  8172 | D:8      | Learned a level 6 spell: Iron Shot
  8178 | D:8      | Learned a level 5 spell: Bolt of Magma
  8490 | D:8      | Noticed Pikel
  8509 | D:8      | Killed Pikel
  8509 | D:8      | Reached skill level 1 in Fire Magic
  8605 | D:8      | Offered knowledge of Flame Tongue by Vehumet.
  8620 | D:8      | Noticed a three-headed hydra
  8737 | D:8      | Killed a three-headed hydra
  8737 | D:8      | Reached ** piety under Vehumet
  8970 | D:8      | Found a sacrificial altar of Ru.
  8993 | D:8      | Found a basalt altar of Yredelemnul.
  8995 | D:8      | Found a deep blue altar of Sif Muna.
  9048 | D:9      | Found a white marble altar of Elyvilon.
  9158 | D:9      | Found Itrytoma's General Store.
  9164 | D:9      | Noticed a two-headed ogre
  9166 | D:9      | Bought a potion of heal wounds for 70 gold pieces
  9174 | D:9      | Killed a two-headed ogre
  9174 | D:9      | Reached XP level 11. HP: 66/66 MP: 17/22
  9379 | D:9      | Found a staircase to the Lair.
  9480 | D:9      | Found an iron altar of Okawaru.
  9484 | D:9      | Found a bloodstained altar of Trog.
  9498 | D:9      | Found a snail-covered altar of Cheibriados.
  9544 | D:9      | Found Plog's Gadget Emporium.
  9742 | D:9      | Found Hutoaf's Weapon Emporium.
  9750 | D:9      | Bought a +0 demon whip of venom for 220 gold pieces
  9853 | D:9      | Found Agriec's Magic Scroll Boutique.
  9857 | D:9      | Bought a scroll of teleportation for 42 gold pieces
  9857 | D:9      | Bought a scroll of teleportation for 42 gold pieces
 10421 | D:10     | Entered Level 10 of the Dungeon
 10635 | D:10     | Offered knowledge of Static Discharge by Vehumet.
 10668 | D:10     | Found a staircase to the Orcish Mines.
 10677 | D:10     | Reached *** piety under Vehumet
 11316 | D:11     | Noticed a two-headed ogre
 11324 | D:11     | Killed a two-headed ogre
 11588 | D:11     | Offered knowledge of Inner Flame by Vehumet.
 11619 | D:11     | Noticed Erica
 11626 | D:11     | Paralysed by something for 4 turns
 11831 | D:11     | Paralysed by Erica for 3 turns
 11837 | D:11     | Paralysed by Erica for 7 turns
 11844 | D:11     | Killed Erica
 11844 | D:11     | Reached skill level 5 in Fire Magic
 12099 | D:11     | Noticed a purple ugly thing
 12104 | D:11     | Killed a purple ugly thing
 12234 | D:11     | Reached XP level 12. HP: 74/74 MP: 14/24
 12402 | D:12     | Reached skill level 11 in Earth Magic
 12462 | D:12     | Reached skill level 5 in Fighting
 12462 | D:12     | Reached skill level 5 in Armour
 12928 | D:12     | Got a warped robe
 12929 | D:12     | Identified the cursed +0 robe of Galuimivye {rF+} (You
                  | found it on level 12 of the Dungeon)
 14174 | D:12     | Reached skill level 5 in Maces & Flails
 14222 | D:12     | Reached **** piety under Vehumet
 14257 | D:12     | Got a fine platinum ring
 14260 | D:12     | Identified the ring "Merakygh" {rElec Str+5} (You found it
                  | on level 12 of the Dungeon)
 14361 | D:12     | Offered knowledge of Force Lance by Vehumet.
 14695 | D:13     | Reached skill level 5 in Evocations
 14774 | D:13     | Reached XP level 13. HP: 81/81 MP: 25/25
 14831 | D:13     | Reached skill level 5 in Dodging
 15112 | D:13     | Reached ***** piety under Vehumet
 15112 | D:13     | Offered knowledge of Iskenderun's Mystic Blast by Vehumet.
 15112 | D:13     | Reached skill level 10 in Conjurations
 15478 | D:13     | Noticed a storm dragon
 15487 | D:13     | Killed a storm dragon
 15746 | D:14     | Found a gate to the Vaults.
 15746 | D:14     | Noticed Urug
 16617 | D:14     | Reached skill level 12 in Earth Magic
 16957 | D:14     | Killed Urug
 17306 | D:14     | Gained mutation: Your large and strong wings let you fly
                  | indefinitely. [Gargoyle growth]
 17306 | D:14     | Reached XP level 14. HP: 90/90 MP: 16/27
 17710 | D:14     | Offered knowledge of Poison Arrow by Vehumet.
 17737 | D:14     | Learned a level 6 spell: Poison Arrow
 17766 | D:14     | Noticed a tengu reaver
 17826 | D:14     | Killed a tengu reaver
 18094 | D:14     | Found a glowing golden altar of the Shining One.
 18516 | D:14     | Identified a +0 pair of boots of running (You found it on
                  | level 14 of the Dungeon)
 18648 | Lair:1   | Entered Level 1 of the Lair of Beasts
 19612 | Lair:2   | Found a staircase to the Snake Pit.
 19638 | Lair:2   | You are sucked into a shaft and drop 1 floor!
 19693 | Lair:3   | Found a staircase to the Shoals.
 20162 | Lair:3   | Found a deep blue altar of Sif Muna.
 20485 | Lair:2   | Found a white marble altar of Elyvilon.
 21414 | Lair:4   | Found a shattered altar of Ashenzari.
 21441 | Lair:4   | Offered knowledge of Irradiate by Vehumet.
 21449 | Lair:4   | Learned a level 5 spell: Irradiate
 21521 | Lair:4   | Reached skill level 10 in Fire Magic
 22240 | Lair:5   | Noticed Nessos
 22250 | Lair:5   | Killed Nessos
 22513 | Lair:5   | Reached skill level 10 in Spellcasting
 22513 | Lair:5   | Reached XP level 15. HP: 96/96 MP: 15/29
 22932 | Lair:6   | Entered Level 6 of the Lair of Beasts
 22991 | Lair:6   | Reached skill level 13 in Earth Magic
 23005 | Lair:6   | Gained mutation: Your body sometimes deteriorates upon
                  | taking damage. [mutagenic glow]
 23153 | Lair:6   | Found a staircase to the Slime Pits.
 23153 | Lair:6   | Found a viscous altar of Jiyva.
 23653 | Lair:6   | Offered knowledge of Bolt of Fire by Vehumet.
 23675 | Lair:6   | Learned a level 6 spell: Bolt of Fire
 24613 | D:9      | Got an ancient scythe
 24614 | D:9      | Identified the cursed +0 scythe of Battle {protect, Int+4
                  | Dex+2 SInv} (You found it on level 9 of the Dungeon)
 24777 | Orc:1    | Entered Level 1 of the Orcish Mines
 24972 | Orc:2    | Entered Level 2 of the Orcish Mines
 24975 | Orc:2    | Noticed Rupert
 24979 | Orc:2    | Paralysed by Rupert for 5 turns
 24987 | Orc:2    | Killed Rupert
 25257 | Orc:2    | Found a staircase to the Elven Halls.
 25325 | Orc:1    | Noticed Josephine
 25328 | Orc:1    | Killed Josephine
 25558 | Orc:1    | Found a roughly hewn altar of Beogh.
 26893 | Orc:2    | Found Rotaamn's Assorted Antiques.
 26893 | Orc:2    | Found Ruirphu's Assorted Antiques.
 27036 | Orc:2    | Found Edicaler's Gadget Shoppe.
 27036 | Orc:2    | Found Ucwuco's Magic Scroll Shoppe.
 27054 | Orc:2    | Bought a scroll of blinking for 97 gold pieces
 27054 | Orc:2    | Bought a scroll of blinking for 97 gold pieces
 27065 | Orc:2    | Bought a scroll of brand weapon for 580 gold pieces
 27077 | Orc:2    | Bought a scroll of enchant weapon for 97 gold pieces
 27181 | Elf:1    | Entered Level 1 of the Elven Halls
 27199 | Orc:2    | Offered knowledge of Freezing Cloud by Vehumet.
 27337 | Elf:1    | Reached XP level 16. HP: 75/105 MP: 18/30
 28375 | Elf:1    | Identified the +9 great mace of Sunlight {drain, rElec
                  | Str-2 Int+5 Stlth+} (You found it on level 1 of the Elven
                  | Halls)
 28944 | Elf:2    | Found a runed translucent gate.
 28944 | Elf:2    | Found a runed translucent gate.
 28944 | Elf:2    | Found a runed translucent gate.
 29281 | Elf:2    | Found Duuguid's Weapon Shop.
 29281 | Elf:2    | Found Nimim's Magic Scroll Emporium.
 29288 | Elf:2    | Bought a scroll of blinking for 90 gold pieces
 29288 | Elf:2    | Bought a scroll of immolation for 42 gold pieces
 29288 | Elf:2    | Bought a scroll of enchant weapon for 90 gold pieces
 29288 | Elf:2    | Bought a scroll of blinking for 90 gold pieces
 29288 | Elf:2    | Bought a scroll of teleportation for 36 gold pieces
 29288 | Elf:2    | Bought a scroll of teleportation for 36 gold pieces
 29315 | Elf:2    | Found Lasetahe's Armour Emporium.
 29506 | Elf:2    | Reached skill level 10 in Fighting
 29506 | Elf:2    | Reached skill level 14 in Earth Magic
 29609 | Elf:2    | Offered knowledge of Ozocubu's Refrigeration by Vehumet.
 29746 | Elf:2    | Identified Ishrasuu's Papyrus of the Creative Compass
 29935 | Elf:3    | Entered Level 3 of the Elven Halls
 29975 | Elf:3    | Found a frozen archway.
 29979 | IceCv    | Entered an ice cave
 30837 | IceCv    | Noticed an Ice Fiend
 30841 | IceCv    | Killed an Ice Fiend
 31181 | Elf:3    | Killed from afar by a deep elf mage

Levels and vault maps discovered:
D:1:      sevenhm_arrival_forest_fort_small_5, layout_loops_ring,
          minmay_stone_trees_small, minmay_misc_feat_four_crosses
D:2:      layout_basic, grunt_qazlal_clouds
D:3:      layout_basic, minmay_misc_feat_iff
D:4:      layout_gridville, first_ration
D:5:      layout_loops_ring
D:6:      layout_basic, minmay_tree_intersection, hangedman_minor_gate_pass,
          uniq_menkaure
D:7:      layout_layer_cave, marbit_many_paths, cheibrodos_ashenzari_chains,
          tgw_xom, minmay_temple_entry_butterflies, lightli_minifort
D:8:      layout_gridville, nicolae_overflow_hidden_temple, hangedman_ranch
          [blue_anna_fruit_fields], grunt_ministairs_14, hangedman_decor_points,
          kennysheep_generic_room_14, uniq_pikel
D:9:      lemuel_flame_loot_2, layout_basic, elyvilon_altar_1,
          minmay_overflow_temple_star_quad, minmay_lair_entry_grove,
          serial_shops, shop_statue, nicolae_shop_behind_doors,
          nicolae_shop_trees, shop, kennysheep_generic_room_10
D:10:     layout_irregular_city, david_orc_2, minmay_misc_feat_hallway
D:11:     layout_rooms, uniq_erica
D:12:     kennysheep_windowed_halls, layout_layer_cave
D:13:     layout_roguey
D:14:     regret_index_wax_grids, layout_basic, david_vaults_3,
          lemuel_round_altar
Temple:   minmay_temple_curvy_loop
Lair:1:   layout_cave_shapes
Lair:2:   layout_cave_shapes, dummy_snake_entry, basic_altar,
          serial_bayou_pond_d, lemuel_fruit_fields
Lair:3:   layout_cave_shapes, elwin_shoals_entry_rooms, basic_altar
Lair:4:   layout_hall_layers, basic_altar
Lair:5:   layout_regular_city, uniq_nessos
Lair:6:   gammafunk_lair_ancient_temple, layout_hall_layers, slime_altar_1,
          lemuel_fruit_fields
Orc:1:    layout_caves, david_defended_altar_orc, uniq_josephine
Orc:2:    st_orc_elflike, layout_caves, uniq_rupert
Elf:1:    minmay_elf_arrival_summoners, layout_geoelf_diagonals,
          kennysheep_underground_church, item_on_display_b
Elf:2:    layout_loops_corners, serial_shops, nicolae_shop_statue_plus, shop,
          shop, laboratory
Elf:3:    minmay_elf_hall_curves, layout_loops_corners,
          portal_ice_cave_entry_pillars_1, minmay_elf_sorcery, uniq_bai_suzhen

Skill      XL: |  1  2  3  4  5  6  7  8  9 10 11 12 13 14 15 16 |
---------------+-------------------------------------------------+-----
Earth Magic    | 4 5 6 7 8 9 10 11 12 13 14 | 14.2
Conjurations   | 1 2 3 5 6 8 9 10 11 12 | 12.6
Spellcasting   | 3 4 5 6 7 8 9 10 11 | 11.1
Fighting       | 1 3 4 5 7 8 9 10 | 10.3
Armour         | 1 3 4 6 |  6.0
Dodging        | 2 3 4 5 6 7 8 |  8.3
Maces & Flails | 1 3 4 5 6 7 8 9 |  9.6
Evocations     | 1 3 4 5 6 |  6.0
Fire Magic     | 3 5 7 8 10 11 12 | 12.8
Stealth        | |  2.1
Transmutations | |  0.7

Action                   |  1- 3 |  4- 6 |  7- 9 | 10-12 | 13-15 | 16-18 || total
-------------------------+-------+-------+-------+-------+-------+-------++-------
Melee: Unarmed           |    20 |       |       |       |       |       ||    20
       Short sword       |   102 |   100 |    42 |       |       |       ||   244
       Hand axe          |       |       |   225 |    71 |       |       ||   296
       Whip              |       |       |       |   332 |   687 |       ||  1019
       Demon whip        |       |       |       |       |    16 |    17 ||    33
       Great mace        |       |       |       |       |       |    67 ||    67
Throw: Throwing net      |       |       |       |     1 |       |       ||     1
 Cast: Sandblast         |    16 |    61 |    55 |   132 |   144 |    18 ||   426
       Stone Arrow       |       |     3 |     2 |    10 |     3 |       ||    18
       Lee's Rapid Decon |       |       |    12 |    34 |    81 |    42 ||   169
       Iron Shot         |       |       |       |    21 |    87 |    29 ||   137
       Bolt of Magma     |       |       |       |    14 |    28 |       ||    42
       Bolt of Fire      |       |       |       |       |    38 |    45 ||    83
       Irradiate         |       |       |       |       |     7 |       ||     7
 Abil: Fly               |       |       |       |       |     1 |       ||     1
Evoke: Wand              |       |       |     2 |     1 |    17 |     6 ||    26
  Use: Scroll            |     2 |     8 |     4 |    10 |    22 |     8 ||    54
       Potion            |       |     6 |     1 |     1 |     4 |     3 ||    15
 Stab: Sleeping          |     4 |     2 |       |     1 |     2 |     1 ||    10
       Distracted        |     1 |       |       |     1 |       |       ||     2
  Eat: Chunk             |     2 |     8 |    15 |    30 |    58 |    14 ||   127
       Ration            |       |       |       |     4 |     9 |     5 ||    18
Armor: Robe              |    47 |    50 |   152 |   267 |   447 |    39 ||  1002
       Skin              |       |    34 |       |       |       |       ||    34
Dodge: Dodged            |    68 |    74 |   282 |   319 |   665 |    82 ||  1490

Table legend:
 A = Non-vault XP
 B = Vault XP
 C = Vault XP percentage of total XP
 D = Non-vault monster count
 E = Vault monster count
 F = Vault count percentage of total count
                 A         B        C        D         E       F
            +---------+---------+-------+---------+---------+-------
      Total |  102712 |   78046 |  43.2 |     548 |     254 |  31.7
            +---------+---------+-------+---------+---------+-------
        D:1 |      54 |       0 |   0.0 |      24 |       0 |   0.0
        D:2 |     105 |       0 |   0.0 |      31 |       0 |   0.0
        D:3 |      68 |       0 |   0.0 |      11 |       0 |   0.0
        D:4 |     585 |       0 |   0.0 |      31 |       0 |   0.0
        D:5 |     617 |       0 |   0.0 |      20 |       0 |   0.0
        D:6 |     627 |    1163 |  65.0 |      21 |       8 |  27.6
        D:7 |    1205 |     318 |  20.9 |      22 |       9 |  29.0
        D:8 |     840 |    2999 |  78.1 |      17 |      15 |  46.9
        D:9 |    2066 |    2013 |  49.4 |      15 |      14 |  48.3
       D:10 |    2002 |     159 |   7.4 |      27 |       7 |  20.6
       D:11 |    3181 |     892 |  21.9 |      21 |       1 |   4.5
       D:12 |    4779 |    5435 |  53.2 |      27 |      20 |  42.6
       D:13 |   12388 |     843 |   6.4 |      60 |       5 |   7.7
       D:14 |    3040 |   16666 |  84.6 |      13 |      65 |  83.3
     Lair:1 |    1899 |       0 |   0.0 |       6 |       0 |   0.0
     Lair:2 |    1472 |       0 |   0.0 |       7 |       0 |   0.0
     Lair:3 |    7326 |     309 |   4.0 |      22 |       1 |   4.3
     Lair:4 |    7266 |       0 |   0.0 |      30 |       0 |   0.0
     Lair:5 |    5531 |    1362 |  19.8 |      19 |       1 |   5.0
     Lair:6 |    5862 |    9735 |  62.4 |      25 |      26 |  51.0
      Orc:1 |    2648 |    1802 |  40.5 |      26 |       7 |  21.2
      Orc:2 |    7964 |   11318 |  58.7 |      20 |      25 |  55.6
      Elf:1 |    8695 |    7360 |  45.8 |      16 |      12 |  42.9
      Elf:2 |   16555 |    5810 |  26.0 |      28 |      15 |  34.9
      Elf:3 |    5937 |     574 |   8.8 |       9 |       1 |  10.0
      IceCv |       0 |    9288 | 100.0 |       0 |      22 | 100.0
            +---------+---------+-------+---------+---------+-------
